 Dungeon Crawl Stone Soup version 0.25.0-9-g26727b657a (webtiles) character file.

Game seed: 16352892907892081125

71656 grindst0ne the Champion of Chaos (level 14, -11/130 HPs)
             Began as a Deep Dwarf Artificer on June 20, 2020.
             Was the Champion of Makhleb.
             Mangled by Jorgrun
             ... wielding an uncursed staff of earth
              (15 damage)
             ... on level 14 of the Dungeon.
             The game lasted 00:59:07 (19126 turns).

grindst0ne the Champion of Chaos (DDAr)            Turns: 19126, Time: 00:59:07

Health: -11/130    AC: 26    Str: 19    XL:     14   Next: 98%
Magic:  15/15      EV: 12    Int: 14    God:    Makhleb [******]
Gold:   1537       SH:  0    Dex:  9    Spells: 13/13 levels left

rFire    . . .     SeeInvis .   q - +2 battleaxe (vorpal)
rCold    . . .     Gourm    .   (shield currently unavailable)
rNeg     + + +     Faith    .   e - +2 plate armour {rN+}
rPois    .         Spirit   .   p - +0 helmet
rElec    .         Reflect  .   G - +1 cloak of Disaster {rN+ MR+ Regen+ Dex-4}
rCorr    .         Harm     .   J - +2 pair of gloves {archery}
MR       +++..                  R - +0 pair of boots {run}
Stlth    ..........             (no amulet)
HPRegen  0.00/turn              D - +4 ring of evasion
MPRegen  0.14/turn              m - +4 ring of evasion

@: grasped by roots, non-regenerating, constricted, quick
A: damage resistance, heal wounds, negative energy resistance 1, sense
surroundings 2, no regeneration
a: Heal Wounds, Minor Destruction, Lesser Servant of Makhleb, Major Destruction,
Greater Servant of Makhleb, Renounce Religion


You were on level 14 of the Dungeon.
You worshipped Makhleb.
Makhleb was exalted by your worship.
You were not hungry.

You visited 3 branches of the dungeon, and saw 21 of its levels.
You also visited: Ice Cave.

You collected 1939 gold pieces.
You spent 402 gold pieces at shops.

Inventory:

Hand Weapons
 q - a +2 vorpal battleaxe (weapon)
Missiles
 i - a throwing net (quivered)
 Q - 8 atropa-tipped darts
Armour
 e - a +2 plate armour of positive energy (worn)
 p - a +0 helmet (worn)
 G - the +1 cloak of Disaster (worn) {rN+ MR+ Regen+ Dex-4}
   (You found it on level 9 of the Dungeon)

   It affects your dexterity (-4).
   It protects you from negative energy.
   It affects your resistance to hostile enchantments.
   It increases your rate of regeneration.
 J - a +2 pair of gloves of archery (worn)
 O - the +0 pair of gloves of the Zebra {rElec rC++}
   (You bought it in a shop on level 10 of the Dungeon)

   It greatly protects you from cold.
   It insulates you from electricity.
 P - a +0 tower shield
 R - a +0 pair of boots of running (worn)
Jewellery
 c - an uncursed ring of poison resistance
 m - a +4 ring of evasion (right hand)
 r - an uncursed ring of positive energy
 D - a +4 ring of evasion (left hand)
 I - an uncursed ring of protection from fire
 W - an uncursed ring of flight
Wands
 d - a wand of enslavement (12)
 C - a wand of flame (13)
 T - a wand of polymorph (18)
Scrolls
 a - 5 scrolls of magic mapping
 h - a scroll of summoning
 j - 14 scrolls of remove curse
 k - 5 scrolls of teleportation
 l - 3 scrolls of amnesia
 o - 2 scrolls of brand weapon {unknown}
 s - 8 scrolls of enchant armour
 A - a scroll of random uselessness {unknown}
 H - 7 scrolls of enchant weapon
 M - 4 scrolls of immolation
 U - 2 scrolls of acquirement
 V - a scroll of vulnerability {unknown}
 Y - a scroll of fear {unknown}
Potions
 b - 2 potions of ambrosia
 g - 3 potions of cancellation
 n - 3 potions of brilliance
 t - 6 potions of curing
 u - 2 potions of haste
 v - a potion of magic
 w - a potion of heal wounds
 x - 2 potions of might
 B - 2 potions of mutation
 E - 2 potions of resistance
 K - 2 potions of invisibility {unknown}
 L - 5 potions of lignification {unknown}
 N - 2 potions of berserk rage {unknown}
 Z - 2 potions of stabbing
Miscellaneous
 F - a lightning rod (4/4)
 S - a tin of tremorstones (3/3)
Comestibles
 f - 30 rations
 X - 3 chunks of flesh


   Skills:
 + Level 9.8 Fighting
   Level 2.0 Short Blades
 * Level 14.6 Axes
 + Level 11.5 Armour
 - Level 2.1 Dodging
 - Level 1.2 Stealth
 * Level 11.2 Shields
 * Level 16.4 Invocations
 - Level 8.0 Evocations


You had 13 spell levels left.
You didn't know any spells.
Your spell library contained the following spells:

 Spells                   Type           Power        Failure   Level  Hunger
 Animate Skeleton         Necr           N/A          99%         1    ##.....
 Apportation              Tloc           #.....       99%         1    ##.....
 Corona                   Hex            #......      99%         1    ##.....
 Foxfire                  Conj/Fire      #...         99%         1    ##.....
 Magic Dart               Conj           #...         99%         1    ##.....
 Sandblast                Erth           #.....       99%         1    ##.....
 Shock                    Conj/Air       #...         99%         1    ##.....
 Sting                    Tmut/Pois      #...         99%         1    ##.....
 Summon Small Mammal      Summ           #...         99%         1    ##.....
 Ensorcelled Hibernation  Hex/Ice        #.....       100%        2    ###....
 Passwall                 Tmut/Erth      #.......     100%        2    ###....
 Searing Ray              Conj           #.....       100%        2    ###....
 Swiftness                Chrm/Air       #.......     100%        2    ###....
 Confusing Touch          Hex            #.......     100%        3    ####...
 Conjure Flame            Conj/Fire      #.......     100%        3    ####...
 Dazzling Flash           Conj/Hex       #.....       100%        3    ####...
 Gell's Gravitas          Tloc           #.........   100%        3    ####...
 Inner Flame              Hex/Fire       #.......     100%        3    ####...
 Recall                   Summ/Tloc      N/A          100%        3    ####...
 Static Discharge         Conj/Air       #.......     100%        3    ####...
 Stone Arrow              Conj/Erth      #.....       100%        3    ####...
 Tukima's Dance           Hex            #.......     100%        3    ####...
 Airstrike                Air            #.........   100%        4    #####..
 Animate Dead             Necr           N/A          100%        4    #####..
 Fulminant Prism          Conj/Hex       #.........   100%        4    #####..
 Iskenderun's Mystic Bla  Conj/Tloc      #.......     100%        4    #####..
 Petrify                  Tmut/Erth      #.......     100%        4    #####..
 Sticky Flame             Conj/Fire      #.......     100%        4    #####..
 Borgnjor's Vile Clutch   Necr/Erth      #.........   100%        5    ######.
 Fireball                 Conj/Fire      #.........   100%        5    ######.
 Lee's Rapid Deconstruct  Erth           #.........   100%        5    ######.
 Lightning Bolt           Conj/Air       #.........   100%        5    ######.
 Metabolic Englaciation   Hex/Ice        #.........   100%        5    ######.
 Yara's Violent Unravell  Hex/Tmut       #.........   100%        5    ######.
 Death Channel            Necr           #.........   100%        6    #######
 Simulacrum               Ice/Necr       #.........   100%        6    #######


Dungeon Overview and Level Annotations

Branches:
Dungeon (14/15)            Temple (1/1) D:5            Lair (6/6) D:10
 Shoals (0/4) Lair:2        Snake (0/4) Lair:4        Slime (0/5) Lair:6
    Orc (0/2) D:12         Vaults (0/5) D:13          IceCv (visited)

Altars:
Ashenzari
Dithmenos
Elyvilon
Fedhas
Gozag
Hepliaklqana
Kikubaaqudgha
Makhleb
Okawaru
Qazlal
Ru
Sif Muna
Trog
Uskayaw
Vehumet
Wu Jian
Xom
Yredelemnul
Zin
The Shining One
Jiyva

Shops:
D:5 *   D:7 =   D:10 [   D:11 ?

Annotations:
D:9 exclusion: downstairs
D:11 3 runed translucent doors
D:14 Jorgrun
Lair:4 1 runed translucent door, Kyusiynim's ghost, journeyman GnEn
Lair:5 exclusion: 2 downstairs


Innate Abilities, Weirdness & Mutations

You are resistant to damage.
You can heal yourself by infusing magical energy.
You resist negative energy. (rN+)
You passively map the area around you.
You do not regenerate.


Message History

Jorgrun is almost dead.
Jorgrun hits you with an uncursed staff of earth!!
Jorgrun crushes you. The grasping roots constrict you.
You hit Jorgrun.
Jorgrun is almost dead.
Jorgrun says, "May tha earth consume ye!"
Jorgrun hits you but does no damage. Jorgrun crushes you.
The grasping roots constrict you!
You closely miss Jorgrun.
Jorgrun is almost dead.
Jorgrun points at you and mumbles some strange words.
The iron shot hits you!!
* * * LOW HITPOINT WARNING * * *
x2 The grasping roots constrict you!
Blink to where?
Press: ? - help, Dir - move target cursor, p - Jorgrun The roots' grasp on you weakens, but your attempt to escape fails.
As you read the scroll of blinking, it crumbles to dust.
Jorgrun hits you but does no damage. Jorgrun crushes you!
You die...

#####, , * ,
#.#...#, **
#.#.#.# ,
#.#.#.# , * ,,
#.#.#.# ,, ,
#.#.#.#########
*
#.#.#........<#
#g#.###########
* #.@.# * #...#
####.# *, #.#
*, #.# * *#.#
#.# ##


You could see Jorgrun (strong).

Vanquished Creatures
  Josephine (D:12)
  10 hydras
  A rakshasa (D:9)
  2 two-headed ogres
  A queen ant (Lair:3)
  A skeletal warrior (D:12)
  4 unseen horrors
  A necromancer (IceCv)
  A harpy (shapeshifter) (D:13)
  A manticore (D:9)
  2 deep elf magi
  An ugly thing (D:9)
  2 cyclopes (D:13)
  A manticore (shapeshifter) (D:13)
  An ice statue (IceCv)
  14 elephants
  A black mamba (Lair:1)
  2 merfolk sirens (Lair:2)
  Psyche (D:11)
  Maggie (D:6)
  4 rime drakes
  A kobold demonologist (D:13)
  22 spiny frogs
  2 ice devils (IceCv)
  3 komodo dragons
  4 trolls
  2 merfolk (Lair:2)
  2 polar bears (Lair:5)
  2 hornets
  4 tyrant leeches (Lair:6)
  4 hippogriffs
  15 blink frogs
  9 dream sheep
  15 slime creatures
  3 shadows
  19 flying skulls (D:12)
  Sigmund (D:3)
  A spriggan (D:8)
  2 vampires
  6 wyverns
  7 wraiths
  34 yaks
  2 basilisks
  A hungry ghost (D:13)
  2 vampire mosquitoes (Lair:6)
  2 nagas (Lair:4)
  20 soldier ants (Lair:3)
  An acid dragon (D:11)
  13 water moccasins
  13 porcupines
  10 orc warriors
  7 ice beasts
  A swamp drake (D:10)
  3 black bears
  2 necrophages
  6 phantoms
  A sky beast (D:9)
  6 wolves
  7 centaurs
  14 ogres
  An eye of draining (D:12)
  12 crocodiles
  3 big kobolds
  20 bullfrogs
  3 gnoll sergeants (D:12)
  16 killer bees
  A wight (D:9)
  3 howler monkeys (D:7)
  5 crimson imps
  3 bullfrog zombies
  2 centaur zombies
  3 draconian simulacra (IceCv)
  6 hounds
  3 jellies
  10 orc priests
  A quasit (D:11)
  A bullfrog skeleton (D:10)
  16 orc wizards
  Jessica (D:3)
  8 iguanas
  24 worker ants
  3 troll simulacra (IceCv)
  A killer bee zombie (D:8)
  A centaur simulacrum (IceCv)
  A hound zombie (D:9)
  2 hound skeletons
  A howler monkey skeleton (D:4)
  4 gnolls (D:12)
  An ogre simulacrum (IceCv)
  12 adders
  A hound simulacrum (D:8)
  2 naga simulacra (IceCv)
  3 shadow imps
  A white imp (D:8)
  3 ufetubi (D:8)
  An ooze (D:2)
  4 worms
  A dart slug (D:2)
  4 leopard geckos
  58 orcs
  A ball python (D:3)
  5 bats
  A giant cockroach (D:1)
  4 goblins
  5 hobgoblins
  9 jackals
  2 quokkas
  5 frilled lizards
  3 kobolds
  3 rats
  A fungus (Lair:4)
  A plant (Lair:5)
608 creatures vanquished.

Vanquished Creatures (collateral kills)
  3 spiny frogs (Lair:6)
  A tyrant leech (Lair:6)
  5 blink frogs (Lair:6)
  3 yaks (D:10)
  4 vampire mosquitoes (Lair:6)
  2 bullfrogs (Lair:6)
  A plant (Lair:6)
19 creatures vanquished.

Vanquished Creatures (others)
  3 fungi
  37 plants (Lair:6)
40 creatures vanquished.

Grand Total: 667 creatures vanquished

Notes
Turn   | Place    | Note
-------+----------+-------------------------------------------
     0 | D:1      | grindst0ne the Deep Dwarf Artificer began the quest for the
                  | Orb.
     0 | D:1      | Reached XP level 1. HP: 16/16 MP: 3/3
    40 | D:1      | Reached skill level 1 in Fighting
   370 | D:1      | Reached XP level 2. HP: 11/25 MP: 5/5
   421 | D:1      | Reached skill level 1 in Armour
   799 | D:2      | Reached XP level 3. HP: 9/32 MP: 6/6
   995 | D:2      | Found a hazy altar of Hepliaklqana.
   997 | D:2      | Found a shadowy altar of Dithmenos.
   998 | D:2      | Noticed a shadow
  1131 | D:2      | Reached skill level 5 in Evocations
  1131 | D:2      | Reached XP level 4. HP: 26/39 MP: 7/7
  1319 | D:3      | Noticed a phantom
  1370 | D:3      | Killed a phantom
  1370 | D:3      | Reached XP level 5. HP: 25/46 MP: 7/9
  1591 | D:3      | Noticed Jessica
  1593 | D:3      | Noticed an ogre
  1609 | D:3      | Killed Jessica
  1747 | D:3      | Killed an ogre
  1747 | D:3      | Reached XP level 6. HP: 39/56 MP: 10/10
  1915 | D:3      | Found a radiant altar of Vehumet.
  1915 | D:3      | Found an ancient bone altar of Kikubaaqudgha.
  1916 | D:3      | Found a shimmering blue altar of Sif Muna.
  1924 | D:3      | Identified Sif Muna's Volume of Transmutation
  1948 | D:3      | Noticed Sigmund
  1956 | D:3      | Killed Sigmund
  2102 | D:4      | Found a sacrificial altar of Ru.
  2243 | D:4      | Reached XP level 7. HP: 38/63 MP: 10/10
  2418 | D:4      | Reached skill level 1 in Axes
  2634 | D:4      | Reached skill level 5 in Armour
  3058 | D:5      | Entered Level 5 of the Dungeon
  3073 | D:5      | Found a staircase to the Ecumenical Temple.
  3090 | D:5      | Reached XP level 8. HP: 40/73 MP: 10/10
  3097 | Temple   | Entered the Ecumenical Temple
  3109 | Temple   | Became a worshipper of Makhleb the Destroyer
  3183 | D:5      | Reached skill level 1 in Invocations
  3211 | D:5      | Found Wacuiduuh's General Store.
  3217 | D:5      | Bought a scroll of remove curse for 30 gold pieces
  3217 | D:5      | Bought a scroll of identify for 20 gold pieces
  3217 | D:5      | Bought a potion of curing for 30 gold pieces
  3349 | D:5      | Reached skill level 2 in Invocations
  3726 | D:5      | HP: 1/73 [ogre/+0 giant club (23)]
  3729 | D:5      | Reached skill level 1 in Short Blades
  3883 | D:6      | Reached skill level 3 in Invocations
  4007 | D:6      | Found a stormy altar of Qazlal.
  4032 | D:6      | Found an ancient bone altar of Kikubaaqudgha.
  4165 | D:6      | Reached skill level 5 in Axes
  4240 | D:7      | Noticed Maggie
  4304 | D:6      | Killed Maggie
  4304 | D:6      | Reached skill level 5 in Fighting
  4304 | D:6      | Reached skill level 4 in Invocations
  4304 | D:6      | Gained mutation: You passively map the area around you.
                  | [Deep Dwarf growth]
  4304 | D:6      | Reached XP level 9. HP: 56/81 MP: 11/11
  4417 | D:7      | You fall into a shaft and drop 2 floors!
  4569 | D:7      | Reached skill level 5 in Invocations
  4590 | D:7      | Found Wetweoce's Jewellery Shoppe.
  4684 | D:7      | Reached * piety under Makhleb
  4783 | D:7      | Found a bloodstained altar of Trog.
  4917 | D:7      | Reached skill level 6 in Invocations
  5717 | D:8      | Paralysed by a hornet for 3 turns
  5726 | D:8      | Paralysed by a hornet for 2 turns
  5737 | D:8      | Reached skill level 7 in Invocations
  6054 | D:8      | Reached XP level 10. HP: 69/91 MP: 12/12
  6135 | D:8      | Reached skill level 8 in Invocations
  6335 | D:8      | Reached ** piety under Makhleb
  6613 | D:9      | Noticed a rakshasa
  6697 | D:9      | Killed a rakshasa
  6697 | D:9      | Reached skill level 9 in Invocations
  6719 | D:9      | Noticed a manticore
  6734 | D:9      | Killed a manticore
  7245 | D:9      | Noticed a two-headed ogre
  7352 | D:9      | Killed a two-headed ogre
  7352 | D:9      | Reached skill level 10 in Invocations
  7594 | D:9      | Got a bloodstained cloak
  7604 | D:9      | Identified the +1 cloak of Disaster {rN+ MR+ Regen+ Dex-4}
                  | (You found it on level 9 of the Dungeon)
  7627 | D:9      | Got a bound jade amulet
  7629 | D:9      | Identified the amulet "Nad Toosyxt" {Inacc Dex+4} (You
                  | found it on level 9 of the Dungeon)
  7700 | D:9      | You fall into a shaft and drop 2 floors!
  7752 | D:11     | Reached XP level 11. HP: 52/99 MP: 10/10
  7775 | D:11     | Found a frozen archway.
  7799 | IceCv    | Entered an ice cave
  7965 | IceCv    | Reached skill level 10 in Axes
  8059 | IceCv    | Reached *** piety under Makhleb
  8137 | IceCv    | Noticed a necromancer
  8141 | IceCv    | Killed a necromancer
  8141 | IceCv    | Reached skill level 11 in Invocations
  8144 | IceCv    | Got a pair of bloodstained boots
  8208 | IceCv    | Identified the cursed +0 pair of boots of Shielding {Harm
                  | rC+ Int-4 Dex+3} (You found it in an ice cave)
  8324 | D:10     | Entered Level 10 of the Dungeon
  8326 | D:10     | Noticed a two-headed ogre
  8396 | D:10     | Killed a two-headed ogre
  8582 | D:9      | Noticed a green ugly thing
  8825 | D:9      | Killed a green ugly thing
  8825 | D:9      | Reached skill level 1 in Shields
  9205 | D:10     | Found Raett's Antique Armour Shop.
  9229 | D:10     | Bought a pair of translucent gloves for 180 gold pieces
  9229 | D:10     | Bought a pair of runed boots for 142 gold pieces
  9239 | D:10     | Identified the cursed +0 pair of gloves of the Zebra {rElec
                  | rC++} (You bought it in a shop on level 10 of the Dungeon)
  9250 | D:10     | Identified a +0 pair of boots of running (You bought it in
                  | a shop on level 10 of the Dungeon)
  9379 | D:10     | Killed an unseen horror
 10119 | D:10     | Reached **** piety under Makhleb
 10119 | D:10     | Reached skill level 12 in Invocations
 10140 | D:10     | Found a staircase to the Lair.
 10488 | Lair:1   | Entered Level 1 of the Lair of Beasts
 10560 | Lair:1   | Reached XP level 12. HP: 84/110 MP: 10/10
 10903 | Lair:1   | Reached skill level 5 in Shields
 11685 | Lair:2   | Noticed an eight-headed hydra
 11693 | Lair:2   | Killed an eight-headed hydra
 11693 | Lair:2   | Reached skill level 13 in Invocations
 12043 | Lair:2   | Noticed a four-headed hydra
 12048 | Lair:2   | Killed a four-headed hydra
 12083 | Lair:2   | Found a staircase to the Shoals.
 12292 | Lair:3   | Noticed a queen ant
 12311 | Lair:3   | Killed a queen ant
 12323 | Lair:3   | Reached ***** piety under Makhleb
 12332 | Lair:3   | Reached skill level 10 in Armour
 12537 | Lair:3   | Noticed a six-headed hydra
 12541 | Lair:3   | Killed a six-headed hydra
 12541 | Lair:3   | Reached XP level 13. HP: 109/118 MP: 12/12
 12650 | Lair:3   | Identified a scroll of acquirement
 12773 | Lair:3   | Reached skill level 14 in Invocations
 13530 | Lair:4   | You fall into a shaft and drop 1 floor!
 13619 | Lair:4   | Found a runed translucent door.
 13714 | Lair:4   | Found a staircase to the Snake Pit.
 14013 | Lair:4   | Found a shimmering altar of Xom.
 14013 | Lair:4   | Noticed Kyusiynim's ghost (journeyman GnEn)
 14660 | Lair:5   | Found an iron altar of Okawaru.
 14984 | Lair:6   | Entered Level 6 of the Lair of Beasts
 15031 | Lair:6   | Reached ****** piety under Makhleb
 15165 | Lair:6   | Reached skill level 15 in Invocations
 15199 | Lair:6   | Gained mutation: You resist negative energy. (rN+) [Deep
                  | Dwarf growth]
 15199 | Lair:6   | Reached XP level 14. HP: 77/129 MP: 14/14
 15355 | Lair:6   | Found a viscous altar of Jiyva.
 15355 | Lair:6   | Found a staircase to the Slime Pits.
 15794 | Lair:6   | Reached skill level 10 in Shields
 16373 | D:11     | Found Mifamikh's Magic Scroll Boutique.
 16658 | D:11     | Noticed Psyche
 16661 | D:11     | Killed Psyche
 16950 | D:11     | Found a runed translucent gate.
 16951 | D:11     | Found a runed translucent gate.
 16952 | D:11     | Found a runed translucent gate.
 16955 | D:11     | Noticed a white very ugly thing
 17015 | D:12     | Found a shimmering altar of Xom.
 17281 | D:12     | Found a staircase to the Orcish Mines.
 17776 | D:12     | Noticed Josephine
 17783 | D:12     | Reached skill level 16 in Invocations
 17793 | D:12     | Killed Josephine
 17826 | D:12     | Found the +3 giant club "Skullcrusher" {speed, Str+7}
 18506 | D:13     | Found a gate to the Vaults.
 19108 | D:14     | Noticed Jorgrun
 19125 | D:14     | HP: 4/130 [Jorgrun/uncursed staff of earth (12)]
 19126 | D:14     | Mangled by Jorgrun

Illustrated notes

Levels and vault maps discovered:
D:1:      erik_arrival_blinker_ship, layout_loops_ring, serial_forest,
          infiniplex_forest_straight_2, infiniplex_forest_lined_2,
          infiniplex_forest_clump_diagonal, infiniplex_forest_end_1,
          infiniplex_forest_clump_small, infiniplex_forest_straight_2,
          infiniplex_forest_lined_room_2, infiniplex_forest_lined_room_2,
          infiniplex_forest_end_1, minivault_27, minivault_24
D:2:      layout_rooms, riverfiend_overflow_shadow_ancestor, first_ration
D:3:      layout_basic, grunt_temple_overflow_magic_moments, minmay_hedge_maze,
          uniq_jessica, uniq_sigmund
D:4:      layout_loops_ring, nicolae_ru_sacrificial_ziggurat
D:5:      layout_gridville, minmay_temple_entry_slanted, serial_shops, shop,
          serial_glass, glass_columns_a, glass_columns_a,
          minmay_strange_pillars, due_unseen_surprise
D:6:      layout_basic, basic_altar, nicolae_qazlal_eye_of_the_storm
D:7:      layout_loops_ring, bloody_trog, serial_shops, shop, uniq_maggie
D:8:      layout_basic, serial_ice, serial_ice_g, serial_ice_e, serial_ice_i,
          serial_ice_b, the_bakery
D:9:      minmay_the_grid_octo_2x2 [minmay_the_grid_octo_thin_diamonds,
          minmay_the_grid_octo_horde, minmay_the_grid_octo_clover_2,
          minmay_the_grid_octo_prize_square_snowflake], layout_cave_pods
D:10:     layout_gridville, erik_lair_dragon, serial_shops, nicolae_shop_trees
D:11:     layout_loops_ring, ploomutoo_gammafunk_ghost_potion_laboratory,
          portal_ice_cave_rime, serial_shops, kennysheep_mini_moat, st_stairs_5,
          uniq_psyche
D:12:     layout_basic, kennysheep_orc_monster_closet_entryway, basic_altar,
          minmay_guarded_unrand_skullcrusher, uniq_josephine
D:13:     layout_roguey, david_vaults_1, eino_small_chamber_without_monster,
          minmay_liquid_box
D:14:     kennysheep_ambush_hall, layout_basic, minmay_misc_feat_x,
          kennysheep_just_a_vault, uniq_jorgrun
Temple:   nicolae_temple_x_marks_the_god
Lair:1:   wad_woods_structure_01, layout_regular_city, grunt_megastairs_1
Lair:2:   layout_cave_shapes, elwin_shoals_entry_stream,
          infiniplex_staircase_pool_2
Lair:3:   layout_gridlike, minivault_29, grunt_megastairs_4
Lair:4:   layout_hall_layers, guppyfry_snake_entry_garden, ebering_ghost_xom,
          hangedman_lair_unloving_vines
Lair:5:   layout_cave_shapes, basic_altar
Lair:6:   minmay_lair_end_frog_pond, layout_hall_layers, slime_altar_1,
          chequers_serial_rivers_small_a

Skill      XL: |  1  2  3  4  5  6  7  8  9 10 11 12 13 14 |
---------------+-------------------------------------------+-----
Fighting       | 1 2 3 4 5 6 7 8 9 |  9.8
Armour         | 1 2 3 4 5 6 7 8 9 10 11 | 11.5
Evocations     | 5 6 7 8 |  8.0
Axes           | 3 5 7 9 11 12 13 14 | 14.6
Invocations    | 4 7 10 12 13 15 16 | 16.4
Short Blades   | 2 |  2.0
Shields        | 4 7 9 11 | 11.2
Dodging        | |  2.1
Stealth        | |  1.2

Action                   |  1- 3 |  4- 6 |  7- 9 | 10-12 | 13-15 || total
-------------------------+-------+-------+-------+-------+-------++-------
Melee: Short sword       |    14 |       |       |       |       ||    14
       Spear             |   114 |   132 |     2 |       |       ||   248
       War axe           |       |       |   193 |   730 |  1048 ||  1971
       Dagger            |       |       |   695 |  1051 |       ||  1746
       Battleaxe         |       |       |       |       |   178 ||   178
Throw: Dart              |       |    24 |    18 |    39 |     2 ||    83
       Boomerang         |       |       |    11 |     9 |       ||    20
       Throwing net      |       |       |       |       |     1 ||     1
Invok: Lesser Servant of |       |       |       |       |     5 ||     5
 Abil: Heal Wounds       |     1 |     3 |     7 |    17 |     2 ||    30
Evoke: Wand              |       |    15 |     9 |    39 |    37 ||   100
       Tin of tremorston |       |       |       |       |     6 ||     6
  Use: Scroll            |       |       |    11 |     7 |    10 ||    28
       Potion            |       |       |       |     6 |     4 ||    10
 Stab: Sleeping          |     4 |       |       |       |       ||     4
       Distracted        |       |       |       |       |     3 ||     3
  Eat: Chunk             |     1 |     3 |    15 |    20 |    23 ||    62
       Ration            |       |       |       |     1 |       ||     1
Armor: Leather armour    |    46 |    47 |       |       |       ||    93
       Ring mail         |       |    20 |    34 |       |       ||    54
       Chain mail        |       |       |   112 |       |   116 ||   228
       Plate armour      |       |       |   358 |   944 |   643 ||  1945
Dodge: Dodged            |    86 |   106 |   446 |   983 |   990 ||  2611
